 Dungeon Crawl Stone Soup version 0.30-a0-457-g4b7bca3bfa (webtiles) character file.

Game seed: 17022585170696757659

99576 Raultor the Martial Artist (level 16, -1/139 HPs)
             Began as an Octopode Transmuter on Dec 13, 2022.
             Was an Elder of the Shining One.
             Slain by a merfolk
             ... wielding a +2 vorpal trident
              (3 damage)
             ... on level 4 of the Shoals.
             The game lasted 01:45:21 (28430 turns).

Raultor the Martial Artist (Octopode Transmuter)   Turns: 28430, Time: 01:45:21

Health: -1/139     AC: 17    Str: 12    XL:     16   Next: 25%
Magic:  18/37      EV: 17    Int: 26    God:    the Shining One [****..]
Gold:   3021       SH:  0    Dex: 23    Spells: 8/31 levels left

rFire   . . .      SeeInvis .      - Unarmed
rCold   + + +      Faith    .    (shield currently unavailable)
rNeg    + + .      Spirit   .    (helmet currently unavailable)
rPois   +          Reflect  .    A - amulet of the acrobat
rElec   +          Harm     .    I - +6 ring of intelligence
rCorr   +          Rampage  .    T - +4 ring of protection
Will    ++...                    W - ring of willpower
Stlth   +.........               Z - ring of wizardry
HPRegen 0.43/turn                S - +6 ring of strength
MPRegen 0.25/turn                F - ring of protection from fire
                                 c - ring "Jeteweum" {rElec rCorr MP+9 Str-3 Dex+7}
                                 Y - +4 ring of slaying

@: ice-form, very slightly contaminated, glowing
A: freezing attack, boosted hp, almost no armour, amphibious, 8 rings, large,
(camouflage 1), (gelatinous body 1), (nimble swimmer 1), (tentacles)
a: End Transformation, Renounce Religion, Divine Shield, Cleansing Flame


You were on level 4 of the Shoals.
You worshipped the Shining One.
The Shining One was greatly pleased with you.
You were a creature of crystalline ice.
You visited 5 branches of the dungeon, and saw 25 of its levels.
You also visited: Sewer.

You collected 3814 gold pieces.
You spent 793 gold pieces at shops.


Innate Abilities, Weirdness & Mutations

You are a creature of crystalline ice.
You have a powerful freezing melee attack.
Your maximum health is increased.
Your armour is entirely melded.
You are incapable of wielding weapons or throwing items.
You cannot wear most types of armour.
You are amphibious.
You can wear up to eight rings at the same time.
((Your skin changes colour to match your surroundings (Stealth+).))
((Your rubbery body absorbs attacks. (AC +1, EV +1)))
((You are camouflaged when in or above water. (Stealth+)))
((You have tentacles for arms and can constrict up to eight enemies at once.))


   Skills:
 + Level 12.9 Fighting
 + Level 9.4 Dodging
 + Level 13.2 Unarmed Combat
 + Level 8.2 Spellcasting
 + Level 8.6 Translocations
 - Level 11.0 Transmutations
 - Level 6.5 Ice Magic
 - Level 12.8 Invocations


You had 8 spell levels left.
You knew the following spells:

 Your Spells              Type           Power      Damage    Failure   Level
b - Beastly Appendage     Tmut           100%       N/A       1%          1
c - Ice Form              Ice/Tmut       54%        N/A       1%          4
l - Lesser Beckoning      Tloc           100%       N/A       1%          3
s - Spider Form           Tmut/Pois      39%        N/A       1%          3
t - Summon Ice Beast      Ice/Summ       27%        N/A       6%          4
u - Passage of Golubria   Tloc           53%        N/A       1%          4
w - Wereblood             Tmut           62%        N/A       1%          2
B - Blink                 Tloc           100%       N/A       1%          2

Your spell library contained the following spells:

 Spells                   Type           Power      Damage    Failure   Level
 Freeze                   Ice            100%       1d10      1%          1
 Momentum Strike          Conj/Tloc      66%        3d9       1%          2
 Frozen Ramparts          Ice            88%        1d14      1%          3
 Hailstorm                Conj/Ice       27%        3d7       1%          3
 Foxfire                  Conj/Fire      40%        2x1d6     2%          1
 Magic Dart               Conj           40%        1d5       2%          1
 Summon Small Mammal      Summ           40%        N/A       2%          1
 Searing Ray              Conj           20%        2d5       3%          2
 Yara's Violent Unravell  Hex/Tmut       19%        3d9       6%          5
 Call Canine Familiar     Summ           10%        N/A       7%          3
 Stone Arrow              Conj/Erth      20%        3d8       7%          3
 Summon Guardian Golem    Hex/Summ       10%        N/A       7%          3
 Tukima's Dance           Hex            10%        N/A       7%          3
 Fulminant Prism          Conj/Hex       5%         3d7       22%         4
 Fireball                 Conj/Fire      5%         3d5       50%         5
 Starburst                Conj/Fire      5%         6d4       96%         6
 Lehudib's Crystal Spear  Conj/Erth      5%         10d3      100%        8
 Animate Armour           Summ/Erth      Unusable   N/A       N/A         4

Inventory:

Missiles
 b - 7 throwing nets {=f}
Armour
 H - a +2 hat
 L - a +1 hat (melded)
Magical Staves
 d - a staff of cold (melded) {!a}
 w - a staff of earth {!a}
 K - a staff of fire {!a}
Jewellery
 c - the ring "Jeteweum" (on tentacle) {rElec rCorr MP+9 Str-3 Dex+7}
   (You acquired it on level 1 of the Orcish Mines)

   [ring of resist corrosion]

   Str:       It affects your strength (-3).
   Dex:       It affects your dexterity (+7).
   rElec:     It insulates you from electricity.
   MP:        It affects your magic capacity (+9).
   rCorr:     It protects you from acid and corrosion.
 f - a ring of protection from fire
 s - an amulet of magic regeneration
 v - a ring of see invisible
 A - an amulet of the acrobat (around neck)
 F - a ring of protection from fire (on tentacle)
 I - a +6 ring of intelligence (left front paw)
 M - a ring of magical power
 N - a ring of positive energy
 P - a ring of poison resistance
 R - an amulet of faith {!P}
 S - a +6 ring of strength (on tentacle)
 T - a +4 ring of protection (right front paw)
 W - a ring of willpower (on tentacle)
 Y - a +4 ring of slaying (on tentacle)
 Z - a ring of wizardry (on tentacle)
Wands
 k - a wand of digging (6)
 u - a wand of flame (19)
 D - a wand of light (5)
 V - a wand of polymorph (10)
Scrolls
 e - 3 scrolls of fog
 g - a scroll of summoning
 i - 4 scrolls of immolation
 j - 6 scrolls of enchant weapon
 l - 3 scrolls of poison
 o - 2 scrolls of teleportation {@r2}
 q - 4 scrolls of magic mapping
 y - 2 scrolls of enchant armour
 B - 5 scrolls of vulnerability
 E - a scroll of fear
 O - a scroll of identify {@r1}
Potions
 a - 3 potions of lignification
 h - a potion of resistance
 m - 2 potions of heal wounds {@q2}
 n - 2 potions of mutation
 p - 4 potions of brilliance
 r - 3 potions of magic
 t - 3 potions of ambrosia
 x - a potion of haste {@q3}
 z - 3 potions of berserk rage {!q}
 C - a potion of cancellation
 J - 5 potions of flight
 Q - 4 potions of attraction
 U - 13 potions of curing {@q1}
 X - a potion of might
Miscellaneous
 G - a box of beasts

Dungeon Overview and Level Annotations

Branches:
Dungeon (13/15)            Temple (1/1) D:6            Lair (5/5) D:10
 Shoals (4/4) Lair:2        Snake (0/4) Lair:3        Slime (0/5) Lair:5
    Orc (2/2) D:9             Elf (0/3) Orc:2         Sewer (visited)
 Vaults: D:13-14

Altars:
Ashenzari
Cheibriados
Dithmenos
Elyvilon
Fedhas
Hepliaklqana
Kikubaaqudgha
Makhleb
Nemelex Xobeh
Okawaru
Qazlal
Ru
Sif Muna
Trog
Uskayaw
Vehumet
Wu Jian
Xom
Yredelemnul
Zin
The Shining One
Jiyva

Shops:
D:3 [   D:9 * Orc:2

=(*[[
~~~ ~~≈
~≈≈ ~~~
P~~ P..
.#.
#####
...
#.†Y#
...
#..A.H#
#..
#.Ym.m#
#.....#
##...##
##+##


You could see 2 merfolk, a manticore, a friendly daeva (summoned) and a friendly
ice beast (summoned).


Message History

The manticore claws you.
* * * LOW HITPOINT WARNING * * *
The merfolk hits you from afar with a +2 vorpal trident!
* * * LOW HITPOINT WARNING * * *
x2 Your ice beast closely misses the merfolk.
Your daeva hits the wind drake with a +2 scimitar of holy wrath!!
Your daeva closely misses the wind drake.
You feel much better.
Your daeva blocks the wind drake's attack.
The merfolk barely misses you.
Your ice beast closely misses the merfolk.
The merfolk completely misses you.
Your daeva blocks the wind drake's attack.
Your daeva barely misses the wind drake.
Your daeva hits the wind drake with a +2 scimitar of holy wrath!
The manticore bites you!
* * * LOW HITPOINT WARNING * * *
The manticore claws you but does no damage.
The manticore closely misses you.
Unknown command.
You hit the wind drake. You freeze the wind drake.
The wind drake is almost dead.
The merfolk closely misses you.
Unknown command.
You pummel the wind drake!! You freeze the wind drake.
You kill the wind drake!
Your ice beast hits the merfolk.
Your ice beast freezes the merfolk!
The merfolk hits you from afar with a +2 vorpal trident!
* * * LOW HITPOINT WARNING * * *
You die...

Skill      XL: |  1  2  3  4  5  6  7  8  9 10 11 12 13 14 15 16 |
---------------+-------------------------------------------------+-----
Ice Magic      | 1 2 3 4 5 6 |  6.5
Transmutations | 3 4 5 7 8 9 10 11 | 11.0
Fighting       | 2 3 5 7 8 9 10 11 12 | 12.9
Unarmed Combat | 4 6 7 8 9 11 12 13 | 13.2
Spellcasting   | 4 5 6 7 8 |  8.2
Invocations    | 4 8 10 11 12 | 12.8
Translocations | 4 5 6 8 |  8.6
Dodging        | 5 7 9 |  9.4

Action                   |  1- 3 |  4- 6 |  7- 9 | 10-12 | 13-15 | 16-18 || total
-------------------------+-------+-------+-------+-------+-------+-------++-------
Melee: Unarmed           |    60 |   108 |   267 |   374 |   881 |    74 ||  1764
       Constrict         |    18 |    13 |     3 |       |       |       ||    34
       Tentacles         |    13 |    12 |     3 |       |       |       ||    28
       Punch             |     3 |     2 |     1 |       |       |       ||     6
       Kick              |     3 |    10 |       |       |       |       ||    13
 Cast: Beastly Appendage |     4 |     5 |       |       |     3 |       ||    12
       Ice Form          |       |     6 |    24 |    48 |    78 |    11 ||   167
       Wereblood         |       |     3 |     7 |     8 |    14 |       ||    32
       Summon Ice Beast  |       |       |       |     7 |    25 |     6 ||    38
       Lesser Beckoning  |       |       |       |     2 |     1 |       ||     3
       Passage of Golubr |       |       |       |       |     2 |       ||     2
       Spider Form       |       |       |       |       |     2 |       ||     2
       Blink             |       |       |       |       |     1 |       ||     1
Invok: Divine Shield     |       |       |       |     4 |     8 |       ||    12
       Summon Divine War |       |       |       |       |     5 |     2 ||     7
Evoke: Wand              |       |       |     7 |     6 |     1 |       ||    14
  Use: Scroll            |       |       |     9 |     9 |    16 |     3 ||    37
       Potion            |       |       |       |       |     1 |     5 ||     6
 Stab: Sleeping          |     5 |     2 |     1 |       |       |       ||     8
Armor: Skin              |     8 |    38 |   142 |   141 |   292 |    33 ||   654
Dodge: Dodged            |    45 |    41 |   126 |   210 |   605 |   106 ||  1133
Block: Other             |       |       |       |     9 |    29 |     3 ||    41

Levels and vault maps discovered:
D:1:      wheals_arrival_shading, layout_basic, serial_forest,
          infiniplex_forest_lined_room_3, infiniplex_forest_end_1,
          infiniplex_forest_straight_4, infiniplex_forest_lined_corner,
          infiniplex_forest_clump_small, infiniplex_forest_end_2,
          infiniplex_forest_pool, hellmonk_ecumenical_altar_pennies_from_heaven,
          serial_bayou_lake_a
D:2:      layout_basic, minmay_tree_intersection, uniq_natasha
D:3:      kennysheep_the_goblin_king, layout_rooms, serial_shops,
          nicolae_shop_hallway_plus
D:4:      layout_basic, lightli_temple_of_fire
D:5:      old_forge, layout_basic, nicolae_ru_path_of_blood,
          mainiacjoe_overflow_concentric_impassable, minmay_pentangle
D:6:      layout_loops_ring, minmay_temple_entry_hall, portal_sewer_entry_a,
          kennysheep_doodads, chequers_serial_rivers_micro_d, uniq_blork_the_orc
D:7:      layout_gridville, lemuel_tele_altar, grunt_potential
D:8:      layout_basic, mainiacjoe_overflow_surrounded_room,
          chequers_temple_overflow_statue_of_worship,
          cheibrodos_ashenzari_chains
D:9:      layout_gridville, erik_orc_2, serial_shops,
          nicolae_shop_hallway_stairs
D:10:     layout_irregular_city, dpeg_lair_monsters
D:11:     layout_loops_ring, gammafunk_ghost_grave
D:12:     layout_gridville, uniq_jorgrun, uniq_maurice
D:13:     minmay_curly_fans, layout_rooms, ebering_ghost_disaster_area,
          elyvilon_altar_5, uniq_sonja, uniq_kirke
Temple:   hellmonk_temple_forest_ring
Lair:1:   layout_roguey, cheibrodos_lair_lostbears
Lair:2:   layout_gridlike, shoals_dummy_entry, chequers_serial_rivers_marsh,
          uniq_fannar, uniq_amaemon
Lair:3:   layout_small_grid, guppyfry_snake_entry_garden, serial_bayou_shore_b,
          infiniplex_staircase_pool
Lair:4:   layout_loops_ring, grunt_megastairs_3, infiniplex_staircase_pool_2
Lair:5:   cheibrodos_lair_end_hotspot, layout_cave_shapes, slime_entry_1
Shoals:1: layout_shoals, uniq_mlioglotl
Shoals:2: layout_shoals, nicolae_shoals_wave_tunnel
Shoals:3: layout_shoals, serial_shops, nicolae_shop_crystal,
          nicolae_shoals_arrival_archipelago, uniq_polyphemus, uniq_nikola
Shoals:4: shoals_end_simple, layout_shoals, serial_shops, bzr_entry_islet, shop,
          shop
Orc:1:    layout_caves, trog_butcher_becter, uniq_erica
Orc:2:    st_orc_congregation, layout_diamond_mine, basic_altar,
          guppyfry_orc_lava_fort

Notes
Turn   | Place    | Note
-------+----------+-------------------------------------------
     0 | D:1      | Raultor the Octopode Transmuter began the quest for the
                  | Orb.
     0 | D:1      | Reached XP level 1. HP: 13/13 MP: 3/3
    79 | D:1      | Found a faded altar of an unknown god.
   182 | D:1      | Reached skill level 1 in Ice Magic
   182 | D:1      | Reached XP level 2. HP: 15/18 MP: 5/5
   673 | D:1      | You fall into a shaft and drop 1 floor!
   965 | D:1      | Learned a level 2 spell: Wereblood
  1044 | D:2      | Reached XP level 3. HP: 17/23 MP: 4/6
  1191 | D:2      | Noticed Natasha
  1211 | D:2      | Killed Natasha
  1212 | D:2      | Reached skill level 3 in Transmutations
  1212 | D:2      | Reached skill level 2 in Ice Magic
  1280 | D:2      | Reached XP level 4. HP: 28/28 MP: 5/7
  1335 | D:2      | Noticed Natasha
  1357 | D:2      | Killed Natasha
  1453 | D:2      | Learned a level 4 spell: Ice Form
  1655 | D:2      | Noticed Natasha
  1661 | D:2      | Killed Natasha
  1868 | D:3      | Reached skill level 3 in Ice Magic
  1889 | D:3      | Reached XP level 5. HP: 33/33 MP: 8/8
  2066 | D:3      | Found Ruush's Antique Armour Shop.
  2180 | D:3      | Reached skill level 4 in Transmutations
  2790 | D:4      | Reached XP level 6. HP: 38/38 MP: 3/9
  2798 | D:4      | Reached skill level 4 in Ice Magic
  3027 | D:4      | Reached skill level 5 in Transmutations
  3027 | D:4      | Reached XP level 7. HP: 44/44 MP: 10/10
  3091 | D:4      | Found a burning altar of Makhleb.
  3338 | D:5      | Entered Level 5 of the Dungeon
  3345 | D:5      | Reached skill level 2 in Fighting
  3527 | D:5      | Reached skill level 5 in Ice Magic
  3711 | D:5      | Reached skill level 4 in Unarmed Combat
  3711 | D:5      | Reached XP level 8. HP: 51/51 MP: 9/11
  3764 | D:5      | Found an ornate altar of the Wu Jian Council.
  3906 | D:5      | Reached skill level 3 in Fighting
  3906 | D:5      | Reached skill level 6 in Transmutations
  4115 | D:5      | Reached skill level 6 in Ice Magic
  4238 | D:5      | Found a sacrificial altar of Ru.
  4608 | D:6      | Found a glowing drain.
  4629 | Sewer    | Entered a sewer
  4650 | Sewer    | Noticed Pargi
  4661 | Sewer    | Killed Pargi
  4662 | Sewer    | Reached skill level 7 in Transmutations
  4737 | D:6      | Found a staircase to the Ecumenical Temple.
  4830 | D:6      | Reached XP level 9. HP: 21/58 MP: 12/12
  5111 | D:6      | Noticed Blork the orc
  5120 | D:6      | Killed Blork the orc
  5121 | D:6      | Reached skill level 4 in Fighting
  5121 | D:6      | Reached skill level 5 in Unarmed Combat
  5474 | Temple   | Entered the Ecumenical Temple
  5567 | Temple   | Became a worshipper of the Shining One
  5837 | D:7      | HP: 5/67 [wight/iceblast (8)]
  6090 | D:7      | Reached * piety under the Shining One
  6091 | D:7      | Reached skill level 3 in Spellcasting
  6192 | D:7      | Reached skill level 5 in Fighting
  6289 | D:7      | Noticed a two-headed ogre
  6431 | D:7      | Reached skill level 6 in Unarmed Combat
  6431 | D:7      | Reached skill level 8 in Transmutations
  6478 | D:7      | Killed a two-headed ogre
  6479 | D:7      | Reached skill level 4 in Spellcasting
  6479 | D:7      | Reached XP level 10. HP: 30/68 MP: 14/16
  6697 | D:7      | Found a glowing silver altar of Zin.
  6982 | D:8      | Found a shimmering altar of Xom.
  6983 | D:8      | Found an iron altar of Okawaru.
  6983 | D:8      | Found a hide-covered altar of Uskayaw.
  6984 | D:8      | Found a blossoming altar of Fedhas.
  7099 | D:8      | Reached skill level 6 in Fighting
  7111 | D:8      | Found a broken altar of Ashenzari.
  7299 | D:8      | Found a basalt altar of Yredelemnul.
  7331 | D:8      | Identified a potion of resistance
  7391 | D:8      | Reached skill level 7 in Unarmed Combat
  7391 | D:8      | Reached skill level 5 in Spellcasting
  7780 | D:8      | Reached ** piety under the Shining One
  7884 | D:9      | Noticed a two-headed ogre
  7892 | D:9      | Killed a two-headed ogre
  7893 | D:9      | Reached skill level 9 in Transmutations
  7893 | D:9      | Reached skill level 2 in Invocations
  8238 | D:9      | Reached skill level 3 in Invocations
  8289 | D:9      | Noticed a harpy
  8295 | D:9      | a harpy changed into a guardian serpent
  8295 | D:9      | Noticed a guardian serpent (shapeshifter)
  8297 | D:9      | Killed a guardian serpent
  8298 | D:9      | Reached skill level 7 in Fighting
  8304 | D:9      | Reached skill level 4 in Invocations
  8313 | D:9      | Reached XP level 11. HP: 75/75 MP: 13/18
  8436 | D:9      | Found Evus's General Store.
  8444 | D:9      | Bought a scroll of teleportation for 36 gold pieces
  8444 | D:9      | Bought a potion of curing for 36 gold pieces
  8444 | D:9      | Bought a scroll of identify for 24 gold pieces
  8732 | D:9      | Found a staircase to the Orcish Mines.
  8929 | D:10     | Entered Level 10 of the Dungeon
  9015 | D:10     | Found a staircase to the Lair.
  9015 | D:10     | Noticed a death yak
  9017 | D:10     | Noticed a death yak
  9052 | D:10     | Killed a death yak
  9053 | D:10     | Reached skill level 8 in Unarmed Combat
  9053 | D:10     | Reached skill level 5 in Invocations
  9053 | D:10     | Noticed a death yak
  9062 | D:10     | Killed a death yak
  9071 | D:10     | Killed a death yak
  9072 | D:10     | Reached skill level 6 in Invocations
  9661 | D:10     | Noticed a two-headed ogre
  9671 | D:10     | Killed a two-headed ogre
 10166 | D:11     | Reached skill level 10 in Transmutations
 10166 | D:11     | Reached skill level 7 in Invocations
 10278 | D:11     | Noticed a green ugly thing
 10304 | D:11     | Killed a green ugly thing
 10305 | D:11     | Reached skill level 8 in Fighting
 10395 | D:11     | Found a runed translucent door.
 10395 | D:11     | Noticed caveywoolpert's ghost (journeyman DEEE)
 10419 | D:11     | Noticed a cyclops
 10425 | D:11     | Killed a cyclops
 10779 | D:11     | Killed caveywoolpert's ghost
 10825 | D:12     | Noticed a catoblepas
 10847 | D:12     | Killed a catoblepas
 10848 | D:12     | Reached skill level 8 in Invocations
 11059 | D:12     | Reached XP level 12. HP: 84/84 MP: 15/19
 11110 | D:12     | Reached skill level 9 in Unarmed Combat
 11493 | D:12     | Learned a level 3 spell: Lesser Beckoning
 11496 | D:12     | Learned a level 2 spell: Blink
 11570 | D:12     | Reached skill level 1 in Translocations
 12028 | D:12     | Noticed Jorgrun
 12043 | D:12     | Killed Jorgrun
 12044 | D:12     | Reached skill level 2 in Translocations
 12044 | D:12     | Reached skill level 9 in Invocations
 12336 | D:12     | Learned a level 4 spell: Summon Ice Beast
 12406 | D:12     | Noticed Maurice
 12415 | D:12     | Killed Maurice
 12561 | D:13     | Found a large runed translucent door.
 12561 | D:13     | Found a large runed translucent door.
 12564 | D:13     | Noticed Rirphuq's ghost (journeyman DECj)
 12577 | D:13     | Killed Rirphuq's ghost
 12578 | D:13     | Reached skill level 3 in Translocations
 12584 | D:13     | Noticed a death knight
 12591 | D:13     | Reached *** piety under the Shining One
 12753 | D:13     | Reached skill level 9 in Fighting
 12901 | D:13     | HP: 6/102 [death knight/+1 broad axe (22)]
 12902 | D:13     | Killed a death knight
 13255 | D:13     | Identified the +1 leather armour of Ghostly Curiosity
                  | {Str+3}
 13266 | D:13     | Reached skill level 4 in Translocations
 13403 | D:13     | Noticed a tengu warrior
 13403 | D:13     | Noticed a tengu warrior
 13729 | D:12     | Killed a tengu warrior
 13730 | D:12     | Reached skill level 10 in Invocations
 13778 | Lair:1   | Entered Level 1 of the Lair of Beasts
 14126 | Lair:1   | Reached skill level 11 in Transmutations
 14126 | Lair:1   | Reached XP level 13. HP: 90/90 MP: 14/20
 14138 | Lair:1   | Reached skill level 5 in Translocations
 14858 | Lair:2   | Reached skill level 10 in Unarmed Combat
 14901 | Lair:2   | Reached skill level 3 in Dodging
 14949 | Lair:2   | Noticed Amaemon
 15195 | Lair:2   | Noticed Fannar
 15218 | Lair:2   | Killed Fannar
 15302 | Lair:2   | Found a staircase to the Shoals.
 15418 | Lair:2   | Reached skill level 10 in Fighting
 15500 | Lair:2   | Reached skill level 11 in Invocations
 15684 | Lair:2   | Reached skill level 4 in Dodging
 15849 | Lair:2   | Killed Amaemon
 16185 | Lair:3   | Found a staircase to the Snake Pit.
 16512 | Lair:3   | Reached **** piety under the Shining One
 17388 | Lair:4   | Reached skill level 5 in Dodging
 17519 | Lair:4   | Reached skill level 11 in Unarmed Combat
 17906 | Lair:4   | Learned a level 4 spell: Passage of Golubria
 17916 | Lair:4   | Reached XP level 14. HP: 99/99 MP: 18/22
 18498 | Lair:4   | Reached skill level 6 in Dodging
 18743 | Lair:5   | Entered Level 5 of the Lair of Beasts
 18808 | Lair:5   | Reached skill level 12 in Invocations
 18810 | Lair:5   | Reached skill level 11 in Fighting
 19639 | Lair:5   | Reached ***** piety under the Shining One
 19711 | Lair:5   | Found a staircase to the Slime Pits.
 19712 | Lair:5   | Found a viscous altar of Jiyva.
 20053 | Lair:5   | Found a large runed translucent door.
 20054 | Lair:5   | Found a large runed translucent door.
 20206 | Lair:5   | Reached skill level 7 in Dodging
 20387 | Lair:5   | Reached skill level 6 in Translocations
 21121 | Lair:5   | Learned a level 3 spell: Spider Form
 21132 | Lair:5   | Reached skill level 6 in Spellcasting
 21464 | Orc:1    | Entered Level 1 of the Orcish Mines
 21635 | Orc:1    | HP: 3/121 [ettin/+0 dire flail (31)]
 21917 | Orc:1    | HP: 6/121 [ettin/+0 dire flail (30)]
 22355 | Orc:1    | Identified 3 scrolls of acquirement
 22358 | Orc:1    | Acquired the ring "Jeteweum" {rElec rCorr MP+9 Str-3 Dex+7}
 22361 | Orc:1    | Acquired 596 gold pieces
 22362 | Orc:1    | Acquired 992 gold pieces
 22416 | Orc:2    | Entered Level 2 of the Orcish Mines
 22417 | Orc:2    | Identified a +2 robe of resistance
 22434 | Orc:2    | Reached skill level 12 in Unarmed Combat
 22575 | Orc:2    | Identified a +2 robe of resistance
 22601 | Orc:1    | Reached XP level 15. HP: 97/108 MP: 24/24
 22788 | Orc:1    | Found a bloodstained altar of Trog.
 22808 | Orc:1    | Noticed Erica
 22818 | Orc:1    | Killed Erica
 23306 | Orc:2    | Found Aday's Armour Shop.
 23428 | Orc:2    | Found a staircase to the Elven Halls.
 23683 | Orc:2    | Reached skill level 12 in Fighting
 23723 | Orc:2    | HP: 7/129 [orc knight/+0 long sword (17)]
 24033 | Orc:2    | Reached skill level 7 in Translocations
 24081 | Orc:2    | Reached skill level 8 in Dodging
 24107 | Orc:2    | Noticed an orc warlord
 24154 | Orc:2    | Killed an orc warlord
 24377 | Orc:2    | Found Necem's General Store.
 24378 | Orc:2    | Found Fiukaam's Jewellery Emporium.
 24380 | Orc:2    | Found Wodi's Antique Armour Shoppe.
 24380 | Orc:2    | Found Pucheph's Antique Weapon Shoppe.
 24385 | Orc:2    | Bought a potion of heal wounds for 70 gold pieces
 24387 | Orc:2    | Bought a ring of protection from fire for 375 gold pieces
 24396 | Orc:2    | Bought an embroidered hat for 252 gold pieces
 24598 | Shoals:1 | Entered Level 1 of the Shoals
 24604 | Shoals:1 | Reached skill level 7 in Spellcasting
 25154 | Shoals:1 | Noticed Mlioglotl
 25157 | Shoals:1 | Noticed a tentacled starspawn
 25167 | Shoals:1 | Killed Mlioglotl
 25782 | Shoals:1 | You fall into a shaft and drop 1 floor!
 26149 | Shoals:2 | Reached skill level 8 in Translocations
 26683 | Shoals:2 | Reached skill level 9 in Dodging
 26687 | Shoals:2 | Reached skill level 13 in Unarmed Combat
 26688 | Shoals:2 | Reached XP level 16. HP: 47/116 MP: 22/27
 26690 | Shoals:2 | HP: 2/139 [merfolk/+0 trident (13)]
 27374 | Shoals:2 | Reached skill level 8 in Spellcasting
 27793 | Shoals:3 | HP: 7/139 [satyr/arrow (31)]
 28413 | Shoals:4 | Entered Level 4 of the Shoals
 28427 | Shoals:4 | HP: 12/139 [merfolk/+2 vorpal trident (13)]
 28430 | Shoals:4 | HP: 2/139 [merfolk/+2 vorpal trident (13)]
 28430 | Shoals:4 | Slain by a merfolk

Vanquished Creatures
  Jorgrun (D:12)
  Mlioglotl (Shoals:1)
  An ettin (Orc:1)
  2 merfolk javelineers
  Fannar (Lair:2)
  5 hydras
  A catoblepas (D:12)
  The ghost of Rirphuq the Nimble, a journeyman DECj of Sif Muna (D:13)
  A death knight (D:13)
  A merfolk avatar (Shoals:1)
  Erica (Orc:1)
  5 two-headed ogres
  A satyr (Shoals:3)
  A boulder beetle (Lair:2)
  3 death yaks (D:10)
  The ghost of caveywoolpert the Nimble, a journeyman DEEE of Vehumet (D:11)
  4 orc high priests
  Amaemon (Lair:2)
  A deep troll (Orc:2)
  3 sea snakes
  A lindwurm (Lair:5)
  A deep elf zephyrmancer (D:13)
  5 orc knights
  19 harpies
  2 ugly things
  4 cyclopes
  4 slime creatures (D:13)
  6 orc sorcerers (Orc:2)
  6 manticores
  2 fauns
  Maurice (D:12)
  16 elephants
  6 merfolk sirens
  2 molten gargoyles (Lair:5)
  2 gargoyles
  A guardian serpent (shapeshifter) (D:9)
  2 black mambas (Lair:5)
  3 water nymphs (Shoals:1)
  A torpor snail (Lair:5)
  An orange demon (Lair:2)
  8 cane toads
  An unseen horror (D:11)
  6 rime drakes
  11 komodo dragons
  A freezing wraith (D:13)
  11 merfolk
  3 wind drakes
  6 polar bears
  3 trolls
  A hornet (Lair:3)
  11 blink frogs
  4 snapping turtles
  11 dream sheep
  A shadow (D:11)
  3 wraiths
  44 yaks
  A water elemental (Shoals:1)
  6 wyverns
  7 basilisks
  3 vampire mosquitoes (D:12)
  4 steam dragons
  2 nagas (Lair:3)
  6 wargs
  9 water moccasins
  An acid dragon (D:10)
  5 hell hounds (Lair:5)
  Pargi (Sewer)
  35 orc warriors
  2 ice beasts
  2 black bears
  7 ogres
  3 wolves (Lair:5)
  5 centaurs
  2 phantoms
  3 kobold brigands
  11 bullfrogs
  Blork the orc (D:6)
  6 scorpions
  A gnoll sergeant (D:9)
  9 wights (D:7)
  An electric eel (D:9)
  3 howler monkeys
  3 lava snakes (Lair:5)
  4 jellies
  20 orc priests
  4 hounds
  3 iguanas
  Natasha (thrice) (D:2)
  26 orc wizards
  5 gnolls (D:9)
  10 adders
  3 river rats
  3 shadow imps
  A white imp (D:6)
  2 ufetubi
  3 worms
  3 dart slugs
  73 orcs
  2 endoplasms
  2 giant cockroaches
  13 goblins
  5 hobgoblins
  4 jackals (D:5)
  15 kobolds
  5 quokkas
  5 ball pythons
  15 bats
  A frilled lizard (D:3)
  9 rats
624 creatures vanquished.

Vanquished Creatures (collateral kills)
  An orc warlord (Orc:2)
  A fire dragon (Lair:5)
  A hydra (Lair:5)
  A tengu warrior (D:12)
  An orc knight (Orc:2)
  An orc sorcerer (Orc:2)
  4 fauns
  A manticore (D:12)
  2 merfolk sirens
  2 water nymphs (Shoals:3)
  4 merfolk (Shoals:2)
  A wind drake (Shoals:1)
  A blink frog (Lair:2)
  A snapping turtle (Shoals:2)
  A water elemental (Shoals:1)
  An orc warrior (Orc:2)
  A bullfrog (Lair:3)
  An electric eel (Lair:2)
  2 starspawn tentacles (Shoals:1)
28 creatures vanquished.

Vanquished Creatures (others)
  An orc wizard (D:6)
  31 fungi
  88 plants
  2 starspawn tentacles (Shoals:1)
  2 withered plants (D:11)
124 creatures vanquished.

Grand Total: 776 creatures vanquished

Table legend: (Time is in decaauts)
 A = Elapsed time spent in this place.
 B = Non-inter-level travel time spent in this place.
 C = Inter-level travel time spent in this place.
 D = Time resting spent in this place.
 E = Time spent auto-exploring this place.
 F = Levels seen in this place.
 G = Mean time per level.
                   A        B        C        D        E       F      G
               +--------+--------+--------+--------+--------+-----+--------+
         Total |  28126 |  27042 |   1084 |   2899 |  19023 |  26 | 1081.8 |
       Dungeon |  14124 |  13480 |    644 |   1262 |   9791 |  13 | 1086.5 |
        Temple |    111 |     84 |     27 |      0 |     74 |   1 |  111.0 |
          Lair |   7568 |   7204 |    364 |    569 |   5241 |   5 | 1513.6 |
        Shoals |   3781 |   3757 |     24 |    800 |   2362 |   4 |  945.2 |
  Orcish Mines |   2455 |   2432 |     23 |    268 |   1511 |   2 | 1227.5 |
         Sewer |     84 |     84 |      0 |      0 |     44 |   1 |   84.0 |
               +--------+--------+--------+--------+--------+-----+--------+

Top non-repeatable levels by time:
  Lair:5: 2526 daAuts
Shoals:2: 1960 daAuts
    D:12: 1958 daAuts
     D:9: 1634 daAuts
  Lair:3: 1509 daAuts
   Orc:2: 1345 daAuts
  Lair:4: 1258 daAuts
     D:6: 1249 daAuts
  Lair:1: 1206 daAuts
Shoals:1: 1165 daAuts
     D:5: 1141 daAuts
   Orc:1: 1109 daAuts
  Lair:2: 1067 daAuts
    D:10: 1031 daAuts
     D:7: 993 daAuts

Table legend:
 A = Non-vault XP
 B = Vault XP
 C = Vault XP percentage of total XP
 D = Non-vault monster count
 E = Vault monster count
 F = Vault count percentage of total count
                 A         B        C        D         E       F
            +---------+---------+-------+---------+---------+-------
      Total |   98629 |   43924 |  30.8 |     421 |     230 |  35.3
            +---------+---------+-------+---------+---------+-------
        D:1 |      24 |       0 |   0.0 |      15 |       0 |   0.0
        D:2 |     100 |      35 |  25.9 |      13 |       1 |   7.1
        D:3 |      36 |      13 |  26.5 |      11 |       7 |  38.9
        D:4 |     415 |       0 |   0.0 |      20 |       0 |   0.0
        D:5 |     644 |     682 |  51.4 |      16 |      21 |  56.8
        D:6 |     420 |     109 |  20.6 |       8 |       4 |  33.3
        D:7 |     936 |    1687 |  64.3 |      20 |      15 |  42.9
        D:8 |    1384 |       0 |   0.0 |      23 |       0 |   0.0
        D:9 |    2789 |     922 |  24.8 |      16 |      21 |  56.8
       D:10 |    1542 |    2458 |  61.5 |      10 |      11 |  52.4
       D:11 |    2667 |     810 |  23.3 |      14 |       1 |   6.7
       D:12 |    5803 |    2435 |  29.6 |      19 |       2 |   9.5
       D:13 |    3265 |    1958 |  37.5 |       8 |       3 |  27.3
     Lair:1 |    3306 |    1166 |  26.1 |      13 |       4 |  23.5
     Lair:2 |    6405 |    2087 |  24.6 |      21 |       3 |  12.5
     Lair:3 |    6140 |     326 |   5.0 |      26 |       2 |   7.1
     Lair:4 |    6931 |    1186 |  14.6 |      21 |       4 |  16.0
     Lair:5 |   14784 |    7388 |  33.3 |      45 |      26 |  36.6
   Shoals:1 |   10285 |    1838 |  15.2 |      24 |       1 |   4.0
   Shoals:2 |   16551 |    2097 |  11.2 |      32 |       7 |  17.9
   Shoals:3 |    7753 |       0 |   0.0 |      15 |       0 |   0.0
   Shoals:4 |       0 |     301 | 100.0 |       0 |       1 | 100.0
      Orc:1 |    2596 |    2852 |  52.3 |      17 |      10 |  37.0
      Orc:2 |    3853 |   13427 |  77.7 |      14 |      82 |  85.4
      Sewer |       0 |     147 | 100.0 |       0 |       4 | 100.0
            +---------+---------+-------+---------+---------+-------
